 Dungeon Crawl Stone Soup version 0.29-a0-194-g6e3aafee17 (webtiles) character file.

Game seed: 3649203774396725707

661 bande the Chopper (level 7, -1/44 HPs)
             Began as a Gargoyle Fighter on Feb 22, 2022.
             Slain by a black bear (5 damage)
             ... on level 4 of the Dungeon.
             The game lasted 00:08:20 (4024 turns).

bande the Chopper (Gargoyle Fighter)                Turns: 4024, Time: 00:08:22

Health: -1/44      AC: 16    Str: 20    XL:     7   Next: 56%
Magic:  7/7        EV:  7    Int:  8    God:
Gold:   195        SH:  5    Dex: 11    Spells: 6/6 levels left

rFire   . . .      SeeInvis .   a - +0 war axe
rCold   + . .      Faith    .   c - +0 buckler
rNeg    + + .      Spirit   .   l - +0 chain mail
rPois   ∞          Reflect  .   b - +1 helmet
rElec   +          Harm     .   (no cloak)
rCorr   .          Rampage  .   (no gloves)
Will    .....                   (no boots)
Stlth   ..........              (no amulet)
HPRegen 0.14/turn               r - ring of positive energy
MPRegen 0.10/turn               o - ring of protection from cold

@: no status effects
A: sickness immunity, AC +4, negative energy resistance 1, electricity
resistance, torment resistance 1, petrification resistance
a: no special abilities


You were on level 4 of the Dungeon.
You visited 1 branch of the dungeon, and saw 5 of its levels.

You collected 195 gold pieces.

Inventory:

Hand Weapons
 a - a +0 war axe (weapon)
 n - a +0 flail
Missiles
 h - a throwing net (quivered)
Armour
 b - a +1 helmet (worn)
 c - a +0 buckler (worn)
 l - a +0 chain mail (worn)
Jewellery
 o - a ring of protection from cold (right hand)
 r - a ring of positive energy (left hand)
Wands
 d - a wand of flame (21)
Scrolls
 f - a scroll of holy word
 k - a scroll of blinking
 p - 2 scrolls of enchant armour
Potions
 g - a potion of cancellation
 i - a potion of heal wounds
 j - a potion of curing {unknown}
 m - 2 potions of resistance {unknown}
 q - 2 potions of haste {unknown}


   Skills:
 + Level 4.5 Fighting
 + Level 5.7 Axes
 + Level 4.9 Armour
 + Level 4.4 Shields


You had 6 spell levels left.
You didn't know any spells.
Your spell library contained the following spells:

 Spells                   Type           Power      Damage    Failure   Level
 Ensorcelled Hibernation  Hex/Ice        0%         N/A       100%        2
 Passwall                 Tmut/Erth      0%         N/A       100%        2
 Static Discharge         Conj/Air       0%         N/A       100%        2
 Swiftness                Air            0%         N/A       100%        3
 Lightning Bolt           Conj/Air       0%         1d11      100%        5
 Maxwell's Capacitive Co  Air            0%         ∞         100%        8


Dungeon Overview and Level Annotations

Branches:
Dungeon (5/15)
 Temple: D:4-7

Altars:
Beogh


Innate Abilities, Weirdness & Mutations

You are immune to sickness and miasma.
Your stone body is resilient. (AC +4)
You are immune to poison.
You resist negative energy. (rN+)
You are resistant to electric shocks. (rElec)
You are resistant to unholy torment.
You are immune to petrification.


Message History

The black bear claws you but does no damage.
You closely miss the black bear.
The black bear is almost dead.
The black bear closely misses you.
The black bear claws you but does no damage.
The black bear claws you.
The black bear bites you but does no damage.
You block the black bear's attack.
The black bear claws you but does no damage.
You hit the black bear.
The black bear is almost dead.
The black bear bites you.
The black bear claws you but does no damage. x2
The black bear bites you.
The black bear claws you but does no damage. x2
You barely miss the black bear.
The black bear is almost dead.
The black bear closely misses you. The black bear barely misses you.
The black bear claws you but does no damage.
The black bear bites you. The black bear barely misses you.
The black bear claws you but does no damage.
You closely miss the black bear.
The black bear is almost dead.
The black bear bites you but does no damage.
The black bear claws you but does no damage. x2
You barely miss the black bear.
The black bear is almost dead.
You block the black bear's attack.
The black bear claws you but does no damage. x2
The black bear bites you!
* * * LOW HITPOINT WARNING * * *
The black bear claws you but does no damage. x2
You hit the black bear but do no damage.
The black bear is almost dead.
The black bear bites you.
* * * LOW HITPOINT WARNING * * *
The black bear claws you but does no damage. x2
The black bear bites you but does no damage.
The black bear claws you.
You die...

#..##.# #.# ##.##.#
#.# ##.##.#######.#
#...........#.# ###
#.#.#..######.# #.#
#.#....# #.#####.##
#.##...# #.#.......
#.##...######.#.###.##
#....@.)........#.#...
####..h.###.#####.#.##
#.##.# #.# #.#...
#.##.###.# #.####
#.##.#...#####.####
#.##...............
#......############
########


You could see a black bear (berserk).

Vanquished Creatures
  Sigmund (D:2)
  A bullfrog (D:4)
  A jelly (D:3)
  2 hounds
  2 orc priests
  3 orc wizards
  2 hound skeletons
  4 gnolls (D:3)
  A howler monkey skeleton (D:4)
  4 adders
  2 worms (D:2)
  5 dart slugs
  11 orcs
  4 endoplasms
  3 giant cockroaches
  4 goblins
  5 hobgoblins
  3 jackals (D:3)
  3 quokkas
  7 ball pythons
  7 bats
  6 frilled lizards
  9 kobolds
  6 rats
96 creatures vanquished.

Notes
Turn   | Place    | Note
-------+----------+-------------------------------------------
     0 | D:1      | bande the Gargoyle Fighter began the quest for the Orb.
     0 | D:1      | Reached XP level 1. HP: 14/14 MP: 1/1
    94 | D:1      | Reached XP level 2. HP: 16/19 MP: 2/2
    98 | D:1      | Reached skill level 2 in Axes
   325 | D:1      | Reached XP level 3. HP: 23/23 MP: 3/3
   743 | D:2      | Noticed Sigmund
   755 | D:2      | Killed Sigmund
   756 | D:2      | Reached skill level 4 in Axes
   756 | D:2      | Reached XP level 4. HP: 4/29 MP: 4/4
   756 | D:2      | Reached XP level 5. HP: 5/33 MP: 5/5
  1658 | D:2      | Reached XP level 6. HP: 37/38 MP: 6/6
  2113 | D:3      | Found a faded altar of an unknown god.
  2388 | D:3      | Reached skill level 5 in Axes
  2445 | D:3      | Reached XP level 7. HP: 39/43 MP: 7/7
  3040 | D:4      | Found Wuubbiar's General Store.
  3811 | D:5      | Entered Level 5 of the Dungeon
  4024 | D:4      | Slain by a black bear

Illustrated notes

Levels and vault maps discovered:
D:1:      minmay_arrival_open_corners, layout_rooms
D:2:      layout_basic, minmay_misc_feat_tiny, uniq_sigmund
D:3:      layout_loops_ring, shapermc_ecumenical_altar_pompeii
D:4:      layout_basic, serial_shops, shop, kennysheep_orc_chapel
D:5:      layout_loops_cross, nicolae_specific_store, serial_bayou_pond_c,
          st_stairs_2

Skill      XL: |  1  2  3  4  5  6 |
---------------+-------------------+-----
Axes           | 2 4 5 |  5.7
Fighting       | 4 |  4.5
Armour         | 4 |  4.9
Shields        | 4 |  4.4

Action                   |  1- 3 |  4- 6 |  7- 9 || total
-------------------------+-------+-------+-------++-------
Melee: War axe           |    89 |   145 |   100 ||   334
  Use: Scroll            |     4 |     2 |     5 ||    11
       Potion            |     1 |       |       ||     1
Armor: Scale mail        |    61 |    90 |       ||   151
       Chain mail        |       |    47 |    83 ||   130
Dodge: Dodged            |    47 |    69 |    42 ||   158
Block: Buckler           |    20 |    36 |    38 ||    94

Table legend: (Time is in decaauts)
 A = Elapsed time spent in this place.
 B = Non-inter-level travel time spent in this place.
 C = Inter-level travel time spent in this place.
 D = Time resting spent in this place.
 E = Time spent auto-exploring this place.
 F = Levels seen in this place.
 G = Mean time per level.
                   A        B        C        D        E       F      G
               +--------+--------+--------+--------+--------+-----+--------+
         Total |   4134 |   4119 |     15 |   1064 |   2115 |   5 |  826.8 |
       Dungeon |   4134 |   4119 |     15 |   1064 |   2115 |   5 |  826.8 |
               +--------+--------+--------+--------+--------+-----+--------+

Top non-repeatable levels by time:
     D:2: 1164 daAuts
     D:3: 1153 daAuts
     D:4: 1044 daAuts
     D:1: 565 daAuts
     D:5: 205 daAuts
